 Dungeon Crawl Stone Soup version 0.28-a0-653-g7e9dba17c3 (webtiles) character file.

Game seed: 12960213013512762733

85225 mordus the Fighter (level 16, -5/111 HPs)
             Began as a Djinni Conjurer on Oct 11, 2021.
             Was the Champion of Makhleb.
             Shot with an arrow by a centaur warrior (22 damage)
             ... on level 13 of the Dungeon.
             The game lasted 02:13:11 (20904 turns).

mordus the Fighter (Djinni Conjurer)               Turns: 20904, Time: 02:13:12

Health: -5/111     AC: 12    Str:  7    XL:     16   Next: 30%
Gold:   1479       EV: 19    Int: 31    God:    Makhleb [******] SH:  6 Dex: 18

rFire   + + .      SeeInvis .   A - staff of conjuration
rCold   x . .      Faith    .   m - +0 buckler
rNeg    . . .      Spirit   .   p - +2 troll leather armour
rPois   ∞          Reflect  .   (helmet restricted)
rElec   .          Harm     .   j - +1 cloak {rCorr}
rCorr   +          Rampage  .   O - +2 pair of gloves {Dex+3}
Will    +....                   (boots unavailable)
Stlth   +++.......              (no amulet)
HPRegen 1.28/turn               M - +6 ring of intelligence
MPRegen 0.00/turn               K - ring "Kadat" {Wiz Dex+2 Stlth+}

@: flying
A: sickness immunity, fire resistance 2, cold vulnerability 1, float, innate
caster, hp casting, extra vitality 1, horns 1, frail 1
a: Renounce Religion, Minor Destruction, Lesser Servant of Makhleb, Major
Destruction, Greater Servant of Makhleb


You were on level 13 of the Dungeon.
You worshipped Makhleb.
Makhleb was exalted by your worship.
You visited 3 branches of the dungeon, and saw 20 of its levels.

You collected 1479 gold pieces.

Inventory:

Armour
 j - a +1 cloak of preservation (worn)
 m - a +0 buckler (worn)
 p - a +2 troll leather armour (worn)
 y - a +2 helmet
 O - a +2 pair of gloves of dexterity (worn)
Magical Staves
 k - a staff of earth
 A - a staff of conjuration (weapon)
 B - a staff of death
Jewellery
 e - a ring of willpower
 i - a ring of resist corrosion
 l - an amulet of reflection
 o - a +4 ring of slaying
 s - a ring of positive energy
 z - a ring of see invisible
 H - an amulet of regeneration
 K - the ring "Kadat" (right hand) {Wiz Dex+2 Stlth+}
   (You found it on level 5 of the Lair of Beasts)

   [ring of wizardry]

   It improves your spell success rate.
   Dex:       It affects your dexterity (+2).
   Stlth:     It makes you more stealthy.
 L - a ring of willpower
 M - a +6 ring of intelligence (left hand)
Wands
 d - a wand of iceblast (21)
 g - a wand of digging (3)
 C - a wand of flame (32)
 F - a wand of paralysis (19)
 G - a wand of charming (12)
 J - a wand of acid (6)
 P - a wand of mindburst (14)
Scrolls
 a - a scroll of holy word
 b - 8 scrolls of identify
 c - 4 scrolls of summoning
 n - 5 scrolls of teleportation
 r - 5 scrolls of magic mapping
 u - 2 scrolls of vulnerability
 x - 3 scrolls of immolation
 E - 5 scrolls of enchant weapon
 I - 2 scrolls of blinking
 N - a scroll of fog
Potions
 f - 5 potions of attraction
 q - 3 potions of heal wounds
 t - 9 potions of curing
 w - 4 potions of might
Miscellaneous
 h - a condenser vane


   Skills:
 + Level 14.7 Fighting
 - Level 5.0 Armour
 + Level 13.1 Dodging
 - Level 1.5 Stealth
 - Level 5.1 Shields
 * Level 13.6 Spellcasting
 + Level 9.2 Invocations
 + Level 9.0 Evocations


You had 3 spell levels left.
You knew the following spells:

 Your Spells              Type           Power      Damage    Failure   Level
a - Magic Dart            Conj           100%       1d8       0%          1
b - Searing Ray           Conj           100%       2d8       0%          2
c - Dazzling Flash        Conj/Hex       100%       N/A       1%          3
d - Fulminant Prism       Conj/Hex       51%        3d23      1%          4
e - Iskenderun's Mystic   Conj/Tloc      100%       2d19      1%          4
f - Pain                  Necr           100%       1d9       0%          1
g - Blink                 Tloc           N/A        N/A       0%          2
h - Gell's Gravitas       Tloc           40%        N/A       1%          3
i - Animate Dead          Necr           40%        N/A       1%          4
j - Summon Lightning Spi  Summ/Air       81%        N/A       1%          4
k - Borgnjor's Vile Clut  Necr/Erth      40%        N/A       1%          5
l - Eringya's Noxious Bo  Tmut/Pois      40%        N/A       1%          6
Your spell library was empty.

Dungeon Overview and Level Annotations

Branches:
Dungeon (13/15)            Temple (1/1) D:5            Lair (6/6) D:11
 Shoals (0/4) Lair:3       Spider (0/4) Lair:3        Slime (0/5) Lair:5
    Orc (0/2) D:10
 Vaults: D:13-14

Altars:
Ashenzari
Dithmenos
Elyvilon
Fedhas
Kikubaaqudgha
Makhleb
Qazlal
Sif Muna
Uskayaw
Vehumet
Zin
The Shining One
Beogh

Annotations:
D:11 1 runed translucent door, snackwell's ghost, journeyman OpCj


Innate Abilities, Weirdness & Mutations

You are immune to sickness and miasma.
You are immune to poison.
Your flesh is very heat resistant. (rF++)
You are vulnerable to cold. (rC-)
You float through the air rather than walking.
You learn spells naturally, not from books.
Your magical power is your life essence.
You have superior vitality. (+4 HP)
You have a pair of small horns on your head.
You are frail. (-10% HP)


Message History

The centaur warrior shoots an arrow.
The arrow hits you!
The centaur shoots an arrow.
The arrow hits your fulminant prism!
Your fulminant prism crackles loudly.
Unknown command.
The centaur shoots an arrow.
The arrow completely misses you.
The blast of calcifying dust hits the centaur.
A blast of calcifying dust appears from out of your range of vision.
The blast of calcifying dust hits your fulminant prism.
The centaur shoots an arrow.
The arrow closely misses you.
The centaur warrior shoots an arrow.
The arrow misses you.
Your fulminant prism explodes!
The blast of energy engulfs the centaur!!!
You kill the centaur!
Makhleb accepts your kill.
The blast of energy engulfs the centaur!
The centaur is almost dead.
The centaur shouts!
The blast of energy engulfs the centaur!!
You kill the centaur!
Makhleb accepts your kill.
You feel better.
The blast of energy engulfs the centaur warrior!!!
The centaur warrior is severely wounded.
Casting: Fulminant Prism (safe; 1% risk of failure)
Confirm with . or Enter, or press ? or * to list all spells.
Aiming: Borgnjor's Vile Clutch (safe; 1% risk of failure)
Press: ? - help, Shift-Dir - straight line, f - centaur warrior
Aim: a centaur warrior, wielding a +0 longbow and quivering arrows (severely wounded, 100% to hit)
Zombie hands grab the centaur warrior.
The zombie hands constrict the centaur warrior.
The centaur is engulfed in calcifying dust.
The centaur is moving more slowly.
The centaur shoots an arrow.
The arrow hits you.
The centaur warrior shoots an arrow.
The arrow hits you!!
* * * LOW HITPOINT WARNING * * *
The centaur is engulfed in calcifying dust.
The centaur stops moving altogether!
The centaur shoots an arrow.
The arrow barely misses you.
The zombie hands constrict the centaur warrior!
The centaur warrior shoots an arrow.
The arrow hits you!!
You die...

.##..##..##..##..####'####..##..#
.'...#.......######.....##..#....
.#...#......................#....
.#.!.##..##.............##..##..#
.#>..##..##..##.........##..##..#
.##......##..##..##.....##......#
.##..............##.....##......#
.#...........##..##.....'........
.#...........##.@##.....##'###...
.#...................c..##..##.(#
.#......................[#..##..#
.#.....).############)§.##..##..#
.#.......##..### #.cc##...#)..
.#.............# ....##..##...
.#†.)........c.# #.c..##..##..#
.#...##..##<...# #c.......##'##
.'...######....+..<#.........+..#


You could see a centaur warrior (clutched) and 2 centaurs.

Vanquished Creatures
  A fire dragon (D:11)
  Josephine (D:11)
  5 catoblepae
  6 hydras
  4 boulder beetles
  5 centaur warriors
  7 two-headed ogres
  21 death yaks
  3 skeletal warriors (D:12)
  A deep elf pyromancer (D:12)
  2 ugly things (D:11)
  6 manticores
  6 cyclopes
  Maurice (D:7)
  31 elephants
  5 black mambas
  A gargoyle (D:11)
  12 cane toads
  A kobold demonologist (D:11)
  3 unseen horrors
  2 rime drakes
  12 komodo dragons
  2 trolls
  A jumping spider (Lair:3)
  11 dream sheep
  2 polar bears
  3 slime creatures
  Grinder (D:3)
  A wind drake (Lair:3)
  6 blink frogs
  A centaur simulacrum (D:12)
  7 wraiths
  A vampire (D:11)
  29 yaks
  3 spriggans (Lair:1)
  4 wyverns
  5 basilisks
  2 steam dragons
  4 vampire mosquitoes (D:13)
  13 water moccasins
  A necrophage (D:4)
  7 orc warriors
  A swamp drake (D:10)
  3 sky beasts
  2 black bears
  3 ice beasts (D:7)
  14 wolves
  5 ogres
  12 centaurs
  A phantom (D:6)
  A kobold brigand (D:11)
  3 scorpions
  11 bullfrogs
  3 gnoll sergeants
  A wyvern zombie (D:8)
  2 wyvern skeletons
  A water moccasin zombie (D:5)
  3 howler monkeys
  23 killer bees
  14 wights
  12 electric eels
  4 centaur zombies
  A bullfrog zombie (D:5)
  3 jellies
  8 orc priests
  3 hounds
  Jessica (D:2)
  An iguana (D:5)
  11 orc wizards
  4 hell rats (Lair:6)
  A killer bee zombie (D:8)
  2 howler monkey zombies
  16 gnolls
  7 adders
  2 ufetubi (D:6)
  An adder skeleton (D:2)
  4 worms
  A dart slug (D:4)
  60 orcs
  4 endoplasms
  2 giant cockroaches
  5 goblins
  6 hobgoblins
  6 jackals
  5 kobolds
  3 quokkas
  4 ball pythons
  3 bats
  3 frilled lizards
  4 rats
  A fulminant prism (Lair:3)
531 creatures vanquished.

Vanquished Creatures (collateral kills)
  2 hydras
  A boulder beetle (Lair:5)
  2 death yaks (Lair:4)
  3 komodo dragons
  2 ice devils (Lair:5)
  A dream sheep (Lair:6)
  A centaur (Lair:3)
12 creatures vanquished.

Vanquished Creatures (others)
  A boulder beetle (D:13)
  167 fulminant prisms
  28 fungi
  105 plants
301 creatures vanquished.

Grand Total: 844 creatures vanquished

Notes
Turn   | Place    | Note
-------+----------+-------------------------------------------
     0 | D:1      | mordus the Djinni Conjurer began the quest for the Orb.
     0 | D:1      | Reached XP level 1. HP: 15/15 MP: 0/0
   129 | D:1      | Found a faded altar of an unknown god.
   353 | D:1      | Reached XP level 2. HP: 12/22 MP: 0/0
  1179 | D:2      | Reached skill level 1 in Fighting
  1179 | D:2      | Reached skill level 1 in Armour
  1179 | D:2      | Reached XP level 3. HP: 23/27 MP: 0/0
  1179 | D:2      | Learned a level 1 spell: Pain
  1257 | D:2      | Noticed Jessica
  1267 | D:2      | Killed Jessica
  1268 | D:2      | Reached XP level 4. HP: 29/32 MP: 0/0
  2088 | D:2      | Reached XP level 5. HP: 34/38 MP: 0/0
  2088 | D:2      | Learned a level 2 spell: Blink
  2849 | D:3      | Reached skill level 2 in Fighting
  3106 | D:3      | Noticed Grinder
  3119 | D:3      | Killed Grinder
  3120 | D:3      | Reached XP level 6. HP: 24/45 MP: 0/0
  3472 | D:4      | Noticed a necrophage
  3479 | D:4      | Killed a necrophage
  3480 | D:4      | Reached skill level 3 in Fighting
  3480 | D:4      | Reached skill level 5 in Spellcasting
  3480 | D:4      | Reached XP level 7. HP: 36/50 MP: 0/0
  3480 | D:4      | Learned a level 3 spell: Gell's Gravitas
  4129 | D:5      | Entered Level 5 of the Dungeon
  4139 | D:5      | Reached XP level 8. HP: 33/58 MP: 0/0
  4283 | D:5      | Reached skill level 4 in Fighting
  4492 | D:5      | Found a staircase to the Ecumenical Temple.
  4507 | Temple   | Entered the Ecumenical Temple
  4531 | Temple   | Became a worshipper of Makhleb the Destroyer
  4806 | D:5      | Reached skill level 5 in Dodging
  5422 | D:6      | Reached skill level 5 in Fighting
  5422 | D:6      | Reached XP level 9. HP: 55/65 MP: 0/0
  5422 | D:6      | Learned a level 4 spell: Animate Dead
  5553 | D:6      | Noticed a two-headed ogre
  5566 | D:6      | Killed a two-headed ogre
  5720 | D:6      | Reached * piety under Makhleb
  5731 | D:6      | Reached skill level 6 in Fighting
  5764 | D:6      | Noticed a two-headed ogre
  6019 | D:6      | Killed a two-headed ogre
  6020 | D:6      | Reached XP level 10. HP: 57/73 MP: 0/0
  7055 | D:7      | Reached skill level 7 in Fighting
  7938 | D:7      | Found a runed translucent door.
  8335 | D:7      | Reached ** piety under Makhleb
  9668 | D:8      | Noticed Maurice
  9710 | D:7      | Killed Maurice
  9711 | D:7      | Reached XP level 11. HP: 38/81 MP: 0/0
  9711 | D:7      | Learned a level 4 spell: Summon Lightning Spire
 10569 | D:9      | Reached skill level 8 in Fighting
 11008 | D:9      | Reached *** piety under Makhleb
 11009 | D:9      | Reached skill level 1 in Invocations
 11009 | D:9      | Reached skill level 1 in Evocations
 11181 | D:9      | Noticed a two-headed ogre
 11189 | D:9      | Killed a two-headed ogre
 11450 | D:9      | Identified the +6 long sword of Extermination {flame,
                  | Contam rPois Int+4}
 11493 | D:10     | Entered Level 10 of the Dungeon
 11862 | D:10     | Identified 2 scrolls of acquirement
 11920 | D:10     | Acquired the +10 demon blade of Embarrassment {vamp, rC+
                  | Int+3}
 11922 | D:10     | Acquired a manual of Fighting
 12142 | D:10     | Found a staircase to the Orcish Mines.
 12152 | D:10     | Reached skill level 10 in Spellcasting
 12479 | D:11     | Noticed a centaur warrior
 12485 | D:11     | Noticed a two-headed ogre
 12494 | D:10     | Killed a centaur warrior
 12608 | D:11     | Found a staircase to the Lair.
 12639 | D:11     | Reached **** piety under Makhleb
 12669 | D:11     | Noticed a two-headed ogre
 12674 | D:11     | Killed a two-headed ogre
 12675 | D:11     | Reached skill level 9 in Fighting
 12675 | D:11     | Reached XP level 12. HP: 89/89 MP: 0/0
 12740 | D:11     | Reached skill level 1 in Shields
 12793 | D:11     | Killed a two-headed ogre
 12819 | D:11     | Noticed a two-headed ogre
 12848 | D:11     | Killed a two-headed ogre
 12978 | D:11     | Reached skill level 10 in Dodging
 13115 | D:11     | Identified the +0 pair of gloves of the Swamp {Rampage
                  | Drain rC+}
 13167 | D:11     | Noticed a boulder beetle
 13189 | D:11     | Killed a boulder beetle
 13201 | D:11     | Noticed a spriggan rider
 13203 | D:11     | Found a runed translucent door.
 13204 | D:11     | Identified the +2 spear "Tenyed" {venom, Dex+3}
 13204 | D:11     | Noticed snackwell's ghost (journeyman OpCj)
 13417 | D:11     | Reached skill level 10 in Fighting
 13539 | D:11     | Gained mutation: Your body sometimes deteriorates upon
                  | taking damage. [potion of mutation]
 13585 | D:11     | Noticed Josephine
 13592 | D:11     | Killed Josephine
 13931 | D:11     | Noticed a seven-headed hydra
 13936 | D:11     | Killed a seven-headed hydra
 13970 | D:11     | Reached XP level 13. HP: 97/97 MP: 0/0
 13970 | D:11     | Learned a level 5 spell: Borgnjor's Vile Clutch
 13983 | D:11     | Noticed a fire dragon
 13998 | D:11     | Killed a fire dragon
 13999 | D:11     | Reached skill level 5 in Evocations
 14190 | Lair:1   | Entered Level 1 of the Lair of Beasts
 14290 | Lair:1   | Reached skill level 5 in Invocations
 14294 | Lair:1   | Reached ***** piety under Makhleb
 14378 | Lair:1   | Reached skill level 11 in Fighting
 14895 | Lair:2   | Noticed a four-headed hydra
 14905 | Lair:2   | Killed a four-headed hydra
 15092 | Lair:2   | Identified the +1 leather armour of Weirdness {Dex+6}
 15748 | Lair:3   | Noticed a four-headed hydra
 15754 | Lair:3   | Killed a four-headed hydra
 15767 | Lair:3   | Reached skill level 5 in Shields
 15909 | Lair:3   | Found a hole to the Spider Nest.
 15940 | Lair:3   | Found a staircase to the Shoals.
 16826 | Lair:4   | Reached XP level 14. HP: 106/106 MP: 0/0
 16843 | Lair:4   | Reached skill level 12 in Fighting
 16900 | Lair:4   | Lost mutation: Your body sometimes deteriorates upon taking
                  | damage. [potion of mutation]
 16900 | Lair:4   | Gained mutation: You sometimes lose the ability to read
                  | scrolls when taking damage. [potion of mutation]
 17341 | Lair:4   | Lost mutation: You sometimes lose the ability to read
                  | scrolls when taking damage. [potion of mutation]
 17341 | Lair:4   | Gained mutation: Your spells are a little easier to cast,
                  | but a little less powerful. [potion of mutation]
 17341 | Lair:4   | Gained mutation: Your mind is acute. (Int +2) [potion of
                  | mutation]
 17341 | Lair:4   | Gained mutation: You have a pair of small antennae on your
                  | head. [potion of mutation]
 17342 | Lair:4   | Lost mutation: Your spells are a little easier to cast, but
                  | a little less powerful. [potion of mutation]
 17342 | Lair:4   | Lost mutation: Your mind is acute. (Int +2) [potion of
                  | mutation]
 17342 | Lair:4   | Lost mutation: You have a pair of small antennae on your
                  | head. [potion of mutation]
 17342 | Lair:4   | Gained mutation: You are frail. (-10% HP) [potion of
                  | mutation]
 17342 | Lair:4   | Gained mutation: You have a pair of small horns on your
                  | head. [potion of mutation]
 17683 | Lair:5   | Found a frozen archway.
 17764 | Lair:5   | Identified the ring "Kadat" {Wiz Dex+2 Stlth+}
 17938 | Lair:5   | Found a staircase to the Slime Pits.
 17948 | Lair:5   | Reached skill level 13 in Fighting
 18013 | Lair:5   | Reached ****** piety under Makhleb
 18289 | Lair:6   | Entered Level 6 of the Lair of Beasts
 18311 | Lair:6   | Reached XP level 15. HP: 103/103 MP: 0/0
 18311 | Lair:6   | Learned a level 6 spell: Eringya's Noxious Bog
 18322 | Lair:6   | Reached skill level 5 in Armour
 18552 | Lair:6   | Acquired a +1 cloak of preservation
 18695 | Lair:6   | Reached skill level 14 in Fighting
 19684 | D:12     | Reached XP level 16. HP: 100/111 MP: 0/0
 20189 | D:13     | Acquired a +1 pair of gloves of dexterity
 20572 | D:13     | HP: 1/111 [cyclops/large rock (25)]
 20904 | D:13     | Shot with an arrow by a centaur warrior

Illustrated notes

Levels and vault maps discovered:
D:1:      dpeg_arrival_simpleton_a, layout_loops_ring, basic_ecumenical_altar
D:2:      layout_basic, serial_park_tiny_2, solitary_fountain, uniq_jessica
D:3:      layout_basic, kennysheep_cross_room, amethyst_killhole,
          minmay_misc_feat_encased, uniq_grinder
D:4:      layout_cave_pools, amcnicky_mini_pool_small
D:5:      layout_rooms, minmay_temple_entry_sparse_star
D:6:      minmay_opposing_rooms, layout_basic,
          mainiacjoe_overflow_small_starburst
D:7:      layout_basic, lightli_church_of_beogh
D:8:      layout_gridville, serial_bayou, serial_bayou_lake_a,
          serial_bayou_pond_d, serial_bayou_pond_b, serial_bayou_shore_b,
          serial_bayou_ford_a, serial_bayou_pond_a, uniq_maurice
D:9:      layout_stronghold
D:10:     layout_roguey, erik_orc_1, chequers_serial_rivers_micro_c,
          chequers_jeans
D:11:     minmay_inside_and_out, layout_gridville, lair_entry_dummy,
          ebering_ghost_funeral_grove, uniq_josephine
D:12:     layout_cave_pools, disabler_island
D:13:     layout_gridville, minmay_mirror_moons_of_madness
Temple:   nicolae_temple_the_god_donut
Lair:1:   layout_cave_shapes, wad_woods_02
Lair:2:   layout_misc_corridors, chequers_serial_rivers_room_a,
          serial_bayou_crossing
Lair:3:   layout_regular_city, minmay_shoals_entry_beasts, spider_nest_entry_a,
          lemuel_centaur_altar
Lair:4:   layout_cave_shapes, grunt_megastairs_3
Lair:5:   layout_loops_ring, minmay_slime_entry_pillars,
          portal_ice_cave_demonic_guard, grunt_megastairs_5,
          serial_bayou_shore_a
Lair:6:   evilmike_catoblepas_cave, layout_long_grid,
          hangedman_lair_generics_rect

Skill      XL: |  1  2  3  4  5  6  7  8  9 10 11 12 13 14 15 16 |
---------------+-------------------------------------------------+-----
Fighting       | 1 2 3 5 6 7 9 10 11 13 14 | 14.7
Armour         | 1 2 4 5 |  5.0
Spellcasting   | 4 5 6 8 9 10 11 12 13 | 13.6
Dodging        | 3 4 5 7 8 9 10 11 12 13 | 13.1
Invocations    | 3 4 6 7 8 9 |  9.2
Evocations     | 3 4 6 7 8 9 |  9.0
Shields        | 3 5 |  5.1
Stealth        | |  1.5

Action                   |  1- 3 |  4- 6 |  7- 9 | 10-12 | 13-15 | 16-18 || total
-------------------------+-------+-------+-------+-------+-------+-------++-------
Melee: Short sword       |       |     1 |    16 |       |       |       ||    17
       Staff             |       |       |       |    18 |    22 |     8 ||    48
       Headbutt          |       |       |       |       |     2 |     3 ||     5
 Cast: Magic Dart        |    32 |    54 |    41 |    34 |    26 |     2 ||   189
       Searing Ray       |     2 |    18 |    36 |   127 |   102 |     7 ||   292
       Pain              |       |     5 |       |       |       |       ||     5
       Iskenderun's Myst |       |     1 |     9 |    17 |    81 |    18 ||   126
       Blink             |       |     1 |       |       |     1 |       ||     2
       Gell's Gravitas   |       |       |     3 |       |       |       ||     3
       Fulminant Prism   |       |       |     5 |    53 |   102 |     8 ||   168
       Summon Lightning  |       |       |       |     3 |     7 |       ||    10
       Borgnjor's Vile C |       |       |       |       |    72 |    29 ||   101
       Eringya's Noxious |       |       |       |       |       |     1 ||     1
  Use: Scroll            |       |       |       |    20 |     7 |     2 ||    29
       Potion            |       |       |       |     2 |     7 |     1 ||    10
 Stab: Sleeping          |       |       |       |       |     1 |       ||     1
Armor: Robe              |       |     1 |     9 |    55 |       |       ||    65
       Troll leather arm |       |       |       |       |    97 |     4 ||   101
Dodge: Dodged            |       |    11 |    57 |   212 |   189 |    51 ||   520
Block: Buckler           |       |       |       |    11 |    62 |    18 ||    91

Table legend: (Time is in decaauts)
 A = Elapsed time spent in this place.
 B = Non-inter-level travel time spent in this place.
 C = Inter-level travel time spent in this place.
 D = Time resting spent in this place.
 E = Time spent auto-exploring this place.
 F = Levels seen in this place.
 G = Mean time per level.
                   A        B        C        D        E       F      G
               +--------+--------+--------+--------+--------+-----+--------+
         Total |  20932 |  20252 |    680 |   3696 |  12317 |  20 | 1046.6 |
       Dungeon |  15532 |  15063 |    469 |   3100 |   9161 |  13 | 1194.8 |
        Temple |     38 |     38 |      0 |      0 |     10 |   1 |   38.0 |
          Lair |   5361 |   5151 |    210 |    595 |   3146 |   6 |  893.5 |
               +--------+--------+--------+--------+--------+-----+--------+

Top non-repeatable levels by time:
     D:7: 2176 daAuts
    D:11: 1609 daAuts
     D:6: 1434 daAuts
     D:8: 1397 daAuts
     D:2: 1254 daAuts
  Lair:6: 1146 daAuts
    D:10: 1144 daAuts
     D:9: 1122 daAuts
     D:1: 1106 daAuts
     D:5: 1062 daAuts
  Lair:3: 1044 daAuts
     D:4: 1010 daAuts
  Lair:2: 999 daAuts
     D:3: 952 daAuts
  Lair:5: 790 daAuts
